 Dungeon Crawl Stone Soup version 0.19-a0-1166-g02d67b9 (console) character file.

71 brucemayne the Chopper (level 4, 0/34 HPs)
             Began as a Vampire Berserker on Aug 14, 2016.
             Was a Believer of Trog.
             Slain by a centaur (4 damage)
             ... on level 3 of the Dungeon.
             The game lasted 00:02:31 (660 turns).

brucemayne the Chopper (Vampire Berserker)           Turns: 660, Time: 00:02:31

Health: 0/34       AC:  6    Str: 17    XL:     4   Next: 5%
Magic:  4/4        EV: 10    Int: 14    God:    Trog [**....]
Gold:   17         SH:  0    Dex: 13    Spells: 0 memorised, 3 levels left

rFire  . . .     SeeInvis +     a - +0 hand axe
rCold  . . .     Gourm    .     r - +0 scale mail
rNeg   + . .     Faith    .     (no shield)
rPois  .         Spirit   .     (no helmet)
rElec  .         Dismiss  .     (no cloak)
rCorr  .         Reflect  .     (no gloves)
MR     .....     Harm     .     (no boots)
Stlth  ..........               (no amulet)
                                (no ring)
                                (no ring)

@: brilliant, exhausted, slowed, very slow
A: fangs 3, see invisible, unbreathing
a: Bat Form, Berserk, Trog's Hand, Burn Spellbooks, Renounce Religion


You were on level 3 of the Dungeon.
You worshipped Trog.
Trog was pleased with you.
You were not thirsty.

You visited 1 branch of the dungeon, and saw 3 of its levels.

You collected 17 gold pieces.

Inventory:

Hand Weapons
 a - a +0 hand axe (weapon)
 q - a +1 flail of crushing
Missiles
 k - 10 poisoned needles
Armour
 b - a +0 animal skin
 f - a +0 ring mail
 r - a +0 scale mail (worn)
Scrolls
 i - a scroll of immolation {unknown}
 j - a scroll of teleportation {unknown}
 m - a scroll of remove curse {unknown}
 n - a scroll of random uselessness {unknown}
 p - a scroll of identify {unknown}
Potions
 c - 6 potions of blood
 d - a potion of agility {unknown}
 e - 2 potions of brilliance
 g - 2 potions of might {unknown}
 h - 2 potions of curing {unknown}
 l - a potion of cancellation {unknown}
 o - a potion of mutation {unknown}


   Skills:
 - Level 2.6 Fighting
 + Level 4.4 Axes
 - Level 1.5 Armour
 - Level 2.1 Dodging


You had 3 spell levels left.
You didn't know any spells.

Dungeon Overview and Level Annotations

Branches:
Dungeon (3/15)

Altars:
Uskayaw


Innate Abilities, Weirdness & Mutations

You have razor-sharp teeth.
You have supernaturally acute eyesight. (SInv)
You can survive without breathing.


Message History

You barely miss the quokka. The quokka closely misses you.
The quokka bites you but does no damage.
You hit the quokka. You bite the quokka.
You kill the quokka!
Trog accepts your kill.
A centaur comes into view.
The centaur shouts!
The centaur wields a shortbow.
The centaur shoots an arrow.
The arrow hits you.
The centaur shoots an arrow.
The arrow hits you.
* * * LOW HITPOINT WARNING * * *
You see here an arrow.
The centaur unwields an uncursed shortbow.
The centaur hits you.
* * * LOW HITPOINT WARNING * * *
The centaur hits you.
* * * LOW HITPOINT WARNING * * *
It was a potion of brilliance.
You feel clever all of a sudden. The centaur hits you.
You die...

.......). #.#.#
#........ #.#.#
.........
####...#
........#
#..†..##
..[.....###.##.##
........##..##.#
...........###..
.......(#### ###.
.......@# #.
........c.....#
..
........#####.#
## ........#
.........
.......## ......#
######


You could see a centaur.

Vanquished Creatures
  Terence (D:3)
  2 adders
  2 giant geckos
  3 bats
  A giant cockroach (D:1)
  2 goblins (D:2)
  2 hobgoblins (D:1)
  4 jackals (D:2)
  A kobold (D:2)
  A quokka (D:3)
  A ball python (D:2)
  2 giant newts
  A rat (D:2)
23 creatures vanquished.

Notes
Turn   | Place    | Note
-------+----------+-------------------------------------------
     0 | D:1      | brucemayne the Vampire Berserker began the quest for the Orb.
     0 | D:1      | Reached XP level 1. HP: 17/17 MP: 1/1
   124 | D:2      | Reached skill level 3 in Axes
   133 | D:2      | Reached XP level 2. HP: 7/23 MP: 2/2
   227 | D:2      | HP: 1/23 [giant gecko (3)]
   457 | D:1      | Reached XP level 3. HP: 19/28 MP: 3/3
   520 | D:3      | Reached skill level 4 in Axes
   547 | D:3      | Found a hide-covered altar of Uskayaw.
   588 | D:2      | Reached ** piety under Trog
   616 | D:3      | Noticed Terence
   634 | D:3      | Killed Terence
   634 | D:3      | Reached XP level 4. HP: 17/34 MP: 4/4
   658 | D:3      | Noticed a centaur
   660 | D:3      | Slain by a centaur

Vault maps used:
D:1:      dpeg_arrival_round_a, minmay_misc_feat_five
D:2:      uniq_jessica
D:3:      eat_drink_and_be_merry_uskayaw, grunt_pakellas_sulfur, uniq_terence

Skill      XL: |  1  2  3 |
---------------+----------+-----
Axes           | 3 4 |  4.4
Fighting       | |  2.6
Armour         | |  1.5
Dodging        | |  2.1

Action                   |  1- 3 |  4- 6 || total
-------------------------+-------+-------++-------
Melee: Hand axe          |    69 |     3 ||    72
       Bite              |     8 |     1 ||     9
Invok: Berserk           |     2 |       ||     2
  Use: Potion            |     4 |     1 ||     5
Armor: Animal skin       |     4 |       ||     4
       Ring mail         |    23 |       ||    23
       Scale mail        |       |     1 ||     1
Dodge: Dodged            |    52 |     3 ||    55
